 Dungeon Crawl Stone Soup version 0.31-a0-750-gfe7b580527 (webtiles) character file.

Game seed: 9445892636076731280

450 cforsyth the Trooper (level 7, -1/55 HPs)
             Began as a Djinni Delver on Sept 14, 2023.
             Slain by a scorpion (6 damage)
             ... on level 4 of the Dungeon.
             The game lasted 00:01:29 (428 turns).

cforsyth the Trooper (Djinni Delver)                 Turns: 428, Time: 00:01:30

Health: -1/55      AC:  3    Str: 11    XL:     7   Next: 25%
Gold:   21         EV: 12    Int: 13    God:
                   SH:  0    Dex: 15

rFire   + + .        a - +0 falchion
rCold   x . .        (no shield)
rNeg    . . .        b - +0 leather armour
rPois   ∞            (no helmet)
rElec   .            (no cloak)
rCorr   .            (no gloves)
SInv    .            (boots unavailable)
Will    .....        (no amulet)
Stlth   ++           (no ring)
HPRegen 0.29/turn    (no ring)
MPRegen 0.00/turn

%: infuse magic (-2 HP)
@: flying
A: sickness immunity, fire resistance 2, cold vulnerability 1, float, innate
caster, HP casting, extra vitality 1
a: no special abilities


You were on level 4 of the Dungeon.
You visited 1 branch of the dungeon, and saw 2 of its levels.

You collected 21 gold pieces.

Inventory:

Hand Weapons
 a - a +0 falchion (weapon)
Armour
 b - a +0 leather armour (worn)
Wands
 f - a wand of mindburst (6)
 g - a wand of digging (3)
 i - a wand of charming (9)
Scrolls
 c - a scroll of fog
 d - a scroll of revelation
 e - a scroll of fear
 h - a scroll of teleportation {unknown}


   Skills:
 + Level 5.8 Fighting
 - Level 1.7 Long Blades
 - Level 2.1 Dodging
 - Level 4.1 Stealth
 + Level 3.4 Spellcasting
 + Level 3.4 Conjurations
 + Level 3.4 Hexes
   Level 0.0 Charms
 + Level 3.4 Summonings
 + Level 3.4 Necromancy
 + Level 3.4 Translocations
 + Level 3.4 Transmutations
 + Level 3.4 Fire Magic
 + Level 3.4 Ice Magic
 + Level 3.4 Air Magic
 + Level 3.4 Earth Magic
 + Level 3.4 Poison Magic


You knew the following spells:

 Your Spells              Type           Power      Damage    Failure   Level
a - Sting                 Tmut/Pois      44%        1d5       7%          1
b - Ensorcelled Hibernat  Hex/Ice        22%        N/A       11%         2
c - Momentum Strike       Conj/Tloc      22%        3d8       11%         2
Your spell library was empty.

Dungeon Overview and Level Annotations

Branches:
Dungeon (5/15)
 Temple: D:4-7

Altars:
Zin


Innate Abilities, Weirdness & Mutations

You are immune to sickness and miasma.
You are immune to poison.
Your flesh is very heat resistant. (rF++)
You are vulnerable to cold. (rC-)
You float through the air rather than walking.
You learn spells naturally, not from books.
Your magical power is your life essence.
You have superior vitality. (+4 MHP)


Message History

The scorpion stings you but does no damage.
You barely miss the scorpion.
The scorpion is almost dead.
The scorpion closely misses you. The scorpion misses you.
You barely miss the scorpion.
The scorpion is almost dead.
The scorpion stings you.
You hit the scorpion.
You kill the scorpion!
The scorpion stings you but does no damage.
You hit the scorpion.
The scorpion is moderately wounded.
The scorpion stings you.
You hit the scorpion but do no damage.
The scorpion is moderately wounded.
The scorpion stings you.
* * * LOW HITPOINT WARNING * * *
The scorpion barely misses you.
You hit the scorpion but do no damage.
The scorpion is moderately wounded.
The scorpion misses you.
You barely miss the scorpion.
The scorpion is moderately wounded.
You hear the slow hiss of a distant avalanche of sand.
The scorpion stings you.
* * * LOW HITPOINT WARNING * * *
The scorpion completely misses you.
You barely miss the scorpion.
You punch the scorpion, but do no damage.
The scorpion is moderately wounded.
The scorpion barely misses you.
You hit the scorpion.
The scorpion is heavily wounded.
The scorpion stings you!
* * * LOW HITPOINT WARNING * * *
The scorpion misses you.
You closely miss the scorpion.
The scorpion is heavily wounded.
The scorpion stings you.
You die...

.. ###. #... .... ... ##.. #
... ... #...#. #... ..
##.....##... .. ... #...... .#
########.# #...#####.####.
#........# ##...@s......... #
###).###....###.....##. ..##
#..<..†.....# #.....# ..##
#.#...†.....# #.....##+###.##
#.#.#####.### #.........##.##
#.#.#.....# #.........##.##
###.#.#.....# #.........##.##
#.....#..##.## #....†....##.##
#.#...#..#...####.........##.##


You could see a scorpion.

Vanquished Creatures
  Grinder (D:4)
  An ogre (D:5)
  A scorpion (D:4)
  A howler monkey (D:5)
  A hound (D:4)
  An iguana (D:4)
  An adder (D:4)
  A goblin (D:4)
  A hobgoblin (D:4)
  3 jackals (D:4)
  A quokka (D:4)
  2 ball pythons (D:4)
15 creatures vanquished.

Notes
Turn   | Place    | Note
-------+----------+-------------------------------------------
     0 | D:5      | cforsyth the Djinni Delver began the quest for the Orb.
     0 | D:5      | Reached XP level 1. HP: 20/20 MP: 0/0
    23 | D:5      | Noticed an ogre
    35 | D:5      | Killed an ogre
    36 | D:5      | Reached skill level 4 in Fighting
    36 | D:5      | Reached skill level 1 in Spellcasting
    36 | D:5      | Reached skill level 1 in Conjurations
    36 | D:5      | Reached skill level 1 in Hexes
    36 | D:5      | Reached skill level 1 in Summonings
    36 | D:5      | Reached skill level 1 in Necromancy
    36 | D:5      | Reached skill level 1 in Translocations
    36 | D:5      | Reached skill level 1 in Transmutations
    36 | D:5      | Reached skill level 1 in Fire Magic
    36 | D:5      | Reached skill level 1 in Ice Magic
    36 | D:5      | Reached skill level 1 in Air Magic
    36 | D:5      | Reached skill level 1 in Earth Magic
    36 | D:5      | Reached skill level 1 in Poison Magic
    36 | D:5      | Reached XP level 2. HP: 13/26 MP: 0/0
    36 | D:5      | Reached XP level 3. HP: 16/31 MP: 0/0
    36 | D:5      | Learned a level 1 spell: Sting
    36 | D:5      | Reached XP level 4. HP: 19/37 MP: 0/0
   188 | D:5      | Reached XP level 5. HP: 21/42 MP: 0/0
   188 | D:5      | Learned a level 2 spell: Ensorcelled Hibernation
   328 | D:4      | Found a glowing silver altar of Zin.
   355 | D:4      | Noticed Grinder
   363 | D:4      | Killed Grinder
   364 | D:4      | Reached skill level 5 in Fighting
   364 | D:4      | Reached XP level 6. HP: 34/49 MP: 0/0
   364 | D:4      | Reached XP level 7. HP: 38/54 MP: 0/0
   364 | D:4      | Learned a level 2 spell: Momentum Strike
   428 | D:4      | Slain by a scorpion

Illustrated notes

Levels and vault maps discovered:
D:4:      layout_basic, nicolae_overflow_crystal_walls, tgw_kikubaaqudgha,
          lemuel_coloured_pillars_altar, minmay_temple_entry_nine_rooms,
          gup_ossuary_entry_pyramid, minmay_bisected, uniq_grinder,
          uniq_duvessa, uniq_ijyb, uniq_edmund
D:5:      layout_basic, minmay_misc_feat_x, uniq_menkaure

Skill      XL: |  1  2  3  4  5 |
---------------+----------------+-----
Fighting       | 4 5 |  5.8
Spellcasting   | 1 2 3 |  3.4
Conjurations   | 1 2 3 |  3.4
Hexes          | 1 2 3 |  3.4
Summonings     | 1 2 3 |  3.4
Necromancy     | 1 2 3 |  3.4
Translocations | 1 2 3 |  3.4
Transmutations | 1 2 3 |  3.4
Fire Magic     | 1 2 3 |  3.4
Ice Magic      | 1 2 3 |  3.4
Air Magic      | 1 2 3 |  3.4
Earth Magic    | 1 2 3 |  3.4
Poison Magic   | 1 2 3 |  3.4
Long Blades    | |  1.7
Dodging        | |  2.1
Stealth        | |  4.1

Action                     |  1- 3 |  4- 6 |  7- 9 || total
---------------------------+-------+-------+-------++-------
  Melee: Falchion          |    11 |    18 |    40 ||    69
         Punch             |       |       |     2 ||     2
   Cast: Sting             |       |    14 |       ||    14
  Evoke: Wand              |       |     4 |     3 ||     7
    Use: Potion            |     1 |       |       ||     1
 Armour: Leather armour    |     1 |    11 |    27 ||    39
  Dodge: Dodged            |     4 |    20 |    36 ||    60

Table legend: (Time is in decaauts)
 A = Elapsed time spent in this place.
 B = Non-inter-level travel time spent in this place.
 C = Inter-level travel time spent in this place.
 D = Time resting spent in this place.
 E = Time spent auto-exploring this place.
 F = Levels seen in this place.
 G = Mean time per level.
                   A        B        C        D        E       F      G
               +--------+--------+--------+--------+--------+-----+--------+
         Total |    428 |    415 |     13 |      0 |    244 |   2 |  214.0 |
       Dungeon |    428 |    415 |     13 |      0 |    244 |   2 |  214.0 |
               +--------+--------+--------+--------+--------+-----+--------+

Top non-repeatable levels by time:
     D:5: 272 daAuts
     D:4: 155 daAuts
